 Dungeon Crawl Stone Soup version 0.30-a0-329-g85436e0a43 (webtiles) character file.

Game seed: 14538492785813095078

76 koil the Grave Robber (level 4, -4/32 HPs)
             Began as a Demonspawn Necromancer on Oct 29, 2022.
             Slain by a gnoll
             ... wielding a +0 flail
              (6 damage)
             ... on level 2 of the Dungeon.
             The game lasted 00:03:00 (1461 turns).

koil the Grave Robber (Demonspawn Necromancer)      Turns: 1461, Time: 00:03:01

Health: -4/32      AC:  2    Str:  8    XL:     4   Next: 12%
Magic:  1/7        EV: 12    Int: 19    God:
Gold:   90         SH:  4    Dex: 13    Spells: 7/8 levels left

rFire   . . .      SeeInvis .    j - +0 dagger
rCold   . . .      Faith    .    (no shield)
rNeg    . . .      Spirit   .    a - +0 robe
rPois   .          Reflect  .    (no helmet)
rElec   .          Harm     .    (no cloak)
rCorr   .          Rampage  .    (no gloves)
Will    .....                    (no boots)
Stlth   ++........               (no amulet)
HPRegen 0.25/turn                (no ring)
MPRegen 0.10/turn                (no ring)

@: no status effects
A: condensation shield
a: no special abilities


You were on level 2 of the Dungeon.
You visited 1 branch of the dungeon, and saw 2 of its levels.

You collected 90 gold pieces.

Inventory:

Hand Weapons
 j - a +0 dagger (weapon)
Missiles
 g - a throwing net
Armour
 a - a +0 robe (worn)
Magical Staves
 d - a staff of poison
Scrolls
 c - a scroll of blinking {unknown}
 f - 4 scrolls of identify {unknown}
 h - a scroll of teleportation {unknown}
 i - a scroll of vulnerability {unknown}
 k - a scroll of enchant armour {unknown}
 l - a scroll of fog {unknown}
Potions
 b - 2 potions of magic
 e - a potion of heal wounds {unknown}


   Skills:
 + Level 1.3 Fighting
 + Level 2.3 Dodging
 + Level 2.4 Stealth
 + Level 2.5 Spellcasting
 + Level 4.8 Necromancy


You had 7 spell levels left.
You knew the following spells:

 Your Spells              Type           Power      Damage    Failure   Level
a - Necrotise             Necr           80%        1d8       2%          1

Your spell library contained the following spells:

 Spells                   Type           Power      Damage    Failure   Level
 Vampiric Draining        Necr           20%        2d7       7%          3
 Animate Dead             Necr           20%        N/A       22%         4
 Agony                    Necr           20%        N/A       52%         5


Dungeon Overview and Level Annotations

Branches:
Dungeon (2/15)

Altars:

Shops:
D:2 :


Innate Abilities, Weirdness & Mutations

A meltable shield of frost defends you. (SH +4)


Message History

The gnoll is almost dead.
Your gnoll skeleton hits the gnoll.
The gnoll misses you.
The gnoll hits your gnoll skeleton with a +0 club.
The gnoll closely misses you.
You hit the gnoll.
You kill the gnoll!
You block the gnoll's attack. The gnoll hits you with a +0 flail!
* * * LOW HITPOINT WARNING * * *
You have reached level 4!
You feel clever.
You are too injured to fight recklessly!
You are too injured to fight recklessly!
You are too injured to fight recklessly!
You are too injured to fight recklessly!
You hit the gnoll.
The gnoll is lightly wounded.
Your gnoll skeleton completely misses the gnoll.
The gnoll barely misses you. The gnoll closely misses you.
You hit the gnoll.
The gnoll is moderately wounded.
Your gnoll skeleton hits the gnoll.
You block the gnoll's attack. The gnoll closely misses you.
You hit the gnoll but do no damage.
The gnoll is heavily wounded.
You block the gnoll's attack. The gnoll closely misses you.
You hit the gnoll but do no damage.
The gnoll is moderately wounded.
Your gnoll skeleton misses the gnoll.
The gnoll barely misses you. The gnoll closely misses you.
You hit the gnoll.
The gnoll is heavily wounded.
Your gnoll skeleton barely misses the gnoll.
The gnoll hits you with a +0 club!
* * * LOW HITPOINT WARNING * * *
You block the gnoll's attack.
You closely miss the gnoll.
The gnoll is heavily wounded.
Your gnoll skeleton closely misses the gnoll.
The gnoll barely misses you. The gnoll hits you with a +0 flail.
You die...

#.......# ########
#.......# #####.......
#.......#####...........
#..)..........###..)....
#.......# #.......#..##
........# #.......##.##
......Z.# #............
......g@####...)........
......g....#............
...##...................
# ######.#####........
#.# #.#...... #..
#.##..... .. ####
#.##..>.. #..........
### # #.##.....
#.........# ..#
#.#..#.....


You could see 2 gnolls and a friendly gnoll skeleton.

Vanquished Creatures
  2 gnolls (D:2)
  3 adders (D:2)
  A dart slug (D:1)
  A ball python (D:1)
  2 endoplasms
  A giant cockroach (D:1)
  2 goblins (D:1)
  A hobgoblin (D:1)
  2 jackals (D:1)
  4 quokkas (D:1)
  3 bats (D:1)
  5 frilled lizards
  2 kobolds (D:2)
  2 rats
31 creatures vanquished.

Notes
Turn   | Place    | Note
-------+----------+-------------------------------------------
     0 | D:1      | koil the Demonspawn Necromancer began the quest for the
                  | Orb.
     0 | D:1      | Reached XP level 1. HP: 13/13 MP: 3/3
   209 | D:1      | Gained mutation: A meltable shield of frost defends you.
                  | (SH +4) [demonic ancestry]
   209 | D:1      | Reached XP level 2. HP: 17/20 MP: 0/5
  1120 | D:2      | Found Wigerarr's Book Boutique.
  1162 | D:2      | Reached skill level 1 in Fighting
  1162 | D:2      | Reached XP level 3. HP: 26/26 MP: 3/6
  1456 | D:2      | Reached XP level 4. HP: 8/32 MP: 1/7
  1461 | D:2      | Slain by a gnoll

Illustrated notes

Levels and vault maps discovered:
D:1:      minmay_arrival_diagonal_passages, layout_basic, minmay_misc_feat_chi
D:2:      layout_rooms, serial_shops, nicolae_lakefront_shop

Skill      XL: |  1  2 |
---------------+-------+-----
Stealth        | 2 |  2.4
Dodging        | 2 |  2.3
Fighting       | 1 |  1.3
Spellcasting   | |  2.5
Necromancy     | |  4.8

Action                   |  1- 3 |  4- 6 || total
-------------------------+-------+-------++-------
Melee: Unarmed           |    52 |       ||    52
       Dagger            |    42 |     6 ||    48
 Cast: Necrotise         |    40 |       ||    40
 Stab: Sleeping          |     2 |       ||     2
Armor: Robe              |     9 |       ||     9
Dodge: Dodged            |    55 |     7 ||    62
Block: Other             |    10 |     3 ||    13

Table legend: (Time is in decaauts)
 A = Elapsed time spent in this place.
 B = Non-inter-level travel time spent in this place.
 C = Inter-level travel time spent in this place.
 D = Time resting spent in this place.
 E = Time spent auto-exploring this place.
 F = Levels seen in this place.
 G = Mean time per level.
                   A        B        C        D        E       F      G
               +--------+--------+--------+--------+--------+-----+--------+
         Total |   1460 |   1420 |     40 |      0 |   1154 |   2 |  730.0 |
       Dungeon |   1460 |   1420 |     40 |      0 |   1154 |   2 |  730.0 |
               +--------+--------+--------+--------+--------+-----+--------+

Top non-repeatable levels by time:
     D:1: 1051 daAuts
     D:2: 408 daAuts
